 Dungeon Crawl Stone Soup version 0.30-a0-424-g7412bad402 (webtiles) character file.

Game seed: 5691820952436022569

34927 SensoryNuts the Severer (level 13, -2/122 HPs)
             Began as a Hill Orc Fighter on Dec 9, 2022.
             Was an Elder of Beogh.
             Killed by divine providence
             ... invoked by Saint Roka
              (13 damage)
             ... on level 2 of the Orcish Mines.
             The game lasted 00:23:09 (19013 turns).

SensoryNuts the Severer (Hill Orc Fighter)         Turns: 19013, Time: 00:23:09

Health: -2/122     AC: 29    Str: 24    XL:     13   Next: 80%
Magic:  13/13      EV:  7    Int:  8    God:    Beogh [****..]
Gold:   1321       SH:  5    Dex: 10    Spells: 12/12 levels left

rFire   . . .      SeeInvis .    a - +5 war axe (venom)
rCold   + . .      Faith    .    c - +0 buckler
rNeg    . . .      Spirit   .    e - +8 plate armour
rPois   +          Reflect  .    (helmet restricted)
rElec   .          Harm     .    B - +0 cloak {rPois}
rCorr   .          Rampage  .    w - +0 pair of gloves
Will    .....                    Q - +1 pair of boots
Stlth   ..........               (no amulet)
HPRegen 0.40/turn                g - ring of protection from cold
MPRegen 0.13/turn                (no ring)

@: no status effects
A: beak, talons 1
a: Renounce Religion, Smiting, Recall Orcish Followers


You were on level 2 of the Orcish Mines.
You worshipped Beogh.
Beogh was greatly pleased with you.
You visited 3 branches of the dungeon, and saw 17 of its levels.

You collected 1321 gold pieces.

Inventory:

Hand Weapons
 a - a +5 war axe of venom (weapon)
 G - the +5 spear of True Grit {vorpal, Will++ Str+3 Int-2}
   (You found it on level 9 of the Dungeon)

   It inflicts extra damage upon your enemies.
   Str:       It affects your strength (+3).
   Int:       It affects your intelligence (-2).
   Will:      It greatly increases your willpower.
Missiles
 b - a throwing net (quivered)
Armour
 c - a +0 buckler (worn)
 d - a +2 troll leather armour {Snorg}
 e - a +8 plate armour (worn)
 w - a +0 pair of gloves (worn)
 B - a +0 cloak of poison resistance (worn)
 Q - a +1 pair of boots (worn)
Jewellery
 g - a ring of protection from cold (left hand)
 q - a +6 ring of intelligence
 x - a +6 ring of intelligence
 E - a +6 ring of strength
 I - a ring of fire
 P - an amulet of reflection
Wands
 z - a wand of roots (4)
 A - a wand of flame (52)
 D - a wand of digging (7)
 J - a wand of quicksilver (3)
 R - a wand of charming (3)
 S - a wand of mindburst (4)
Scrolls
 f - a scroll of blinking
 i - 2 scrolls of vulnerability
 j - 3 scrolls of fog
 r - 2 scrolls of amnesia
 v - 6 scrolls of teleportation
 y - 4 scrolls of magic mapping
 C - 5 scrolls of immolation
 H - 3 scrolls of fear
 L - 2 scrolls of poison
 N - a scroll of brand weapon
Potions
 h - 3 potions of magic
 k - a potion of curing
 l - 2 potions of attraction
 n - 2 potions of resistance
 s - 4 potions of flight
 F - 2 potions of lignification
 M - 2 potions of brilliance
 T - a potion of degeneration


   Skills:
 + Level 13.6 Fighting
 * Level 20.6 Axes
 + Level 12.1 Armour
 + Level 1.1 Dodging
 + Level 2.4 Stealth
 + Level 7.3 Shields


You had 12 spell levels left.
You didn't know any spells.
Your spell library contained the following spells:

 Spells                   Type           Power      Damage    Failure   Level
 Apportation              Tloc           0%         N/A       99%         1
 Magic Dart               Conj           0%         1d3       99%         1
 Necrotise                Necr           0%         1d4       99%         1
 Call Imp                 Summ           0%         N/A       100%        2
 Searing Ray              Conj           0%         2d4       100%        2
 Hailstorm                Conj/Ice       0%         3d3       100%        3
 Lesser Beckoning         Tloc           0%         N/A       100%        3
 Mephitic Cloud           Conj/Pois/Air  0%         N/A       100%        3
 Summon Guardian Golem    Hex/Summ       0%         N/A       100%        3
 Vampiric Draining        Necr           0%         2d6       100%        3
 Vhi's Electric Charge    Tloc/Air       0%         N/A       100%        3
 Animate Dead             Necr           0%         N/A       100%        4
 Fulminant Prism          Conj/Hex       0%         3d5       100%        4
 Ice Form                 Ice/Tmut       0%         N/A       100%        4
 Iskenderun's Mystic Bla  Conj/Tloc      0%         2d3       100%        4
 Agony                    Necr           0%         N/A       100%        5
 Alistair's Intoxication  Tmut/Pois      0%         N/A       100%        5
 Arcjolt                  Conj/Air       0%         1d10      100%        5
 Borgnjor's Vile Clutch   Necr/Erth      0%         N/A       100%        5
 Silence                  Hex/Air        0%         N/A       100%        5
 Death Channel            Necr           0%         N/A       100%        6
 Simulacrum               Ice/Necr       0%         N/A       100%        6
 Orb of Destruction       Conj           0%         9d5       100%        7
 Spellforged Servitor     Conj/Summ      0%         N/A       100%        7
 Maxwell's Capacitive Co  Air            0%         ∞         100%        8


Dungeon Overview and Level Annotations

Branches:
Dungeon (14/15)            Temple (1/1) D:6            Lair (0/5) D:11
    Orc (2/2) D:12            Elf (0/3) Orc:2        Vaults (0/5) D:13

Altars:
Ashenzari
Cheibriados
Dithmenos
Elyvilon
Fedhas
Gozag
Hepliaklqana
Kikubaaqudgha
Makhleb
Nemelex Xobeh
Okawaru
Qazlal
Ru
Sif Muna
Trog
Uskayaw
Vehumet
Wu Jian
Xom
Yredelemnul
Zin
The Shining One
Beogh

Shops:
D:5 =   D:11 [

Annotations:
D:4 3 runed translucent doors, Darkkill's ghost, amateur MiHu; IdlyInterested's ghost, amateur DsWn; Joey1's ghost, amateur MiFi; cforsyth's ghost, amateur HOMo; flotson's ghost, weakling DsDe
D:14 1 transporter
Orc:2 Saint Roka


Innate Abilities, Weirdness & Mutations

You have a beak for a mouth.
You have sharp toenails.


Message History

Saint Roka is severely wounded.
You closely miss Saint Roka. You peck Saint Roka.
Saint Roka is severely wounded.
Saint Roka mumbles some strange prayers to Beogh against you.
Beogh smites you!
You are too injured to fight recklessly!
You are too injured to fight recklessly!
You hit Saint Roka.
Saint Roka looks as sick as possible!
Saint Roka is almost dead.
Saint Roka mumbles some strange prayers to Beogh against you.
Beogh smites you!
You slice Saint Roka!!
Saint Roka is almost dead.
Saint Roka invokes the aid of Beogh against you.
Beogh smites you!
* * * LOW HITPOINT WARNING * * *
You hit Saint Roka but do no damage.
Saint Roka is almost dead.
You feel better.
Saint Roka hits you with a +2 war axe of freezing!
* * * LOW HITPOINT WARNING * * *
Saint Roka freezes you.
* * * LOW HITPOINT WARNING * * *
You hit Saint Roka but do no damage.
Saint Roka looks as sick as possible!
You peck Saint Roka.
Saint Roka is almost dead.
Saint Roka hits you with a +2 war axe of freezing!!
* * * LOW HITPOINT WARNING * * *
Blink to where?
Press: ? - help, Dir - move target
As you read the scroll of blinking, it crumbles to dust.
You feel better.
Saint Roka mumbles some strange prayers to Beogh against you.
Beogh smites you!
* * * LOW HITPOINT WARNING * * *
You feel better.
Saint Roka calls down the wrath of Beogh upon you.
Beogh smites you!
You die...
Beogh appreciates Saint Roka's killing of a heretic priest.

#####.................
..............).......
.........o..[))...#...
.[..[.[$.)[)..........
......[)$.[)..........
........[)[)...$......
.......[)<..........#.
.#.......).[$........
.........@.).....##.#
..................#
.................##
#.##...$.$.........
###................
#.................
#.................
#...$............
#...$...........


You could see Saint Roka (extremely poisoned).

Vanquished Creatures
  Snorg (Orc:1)
  8 vault guards (D:13)
  A boulder beetle (D:12)
  A centaur warrior (D:13)
  3 two-headed ogres
  2 tengu warriors (D:11)
  An orc high priest (Orc:1)
  4 deep elf pyromancers
  2 manticores (D:12)
  2 orc sorcerers (Orc:1)
  6 ugly things
  5 cyclopes
  7 centaur zombies (D:10)
  2 gargoyles
  3 unseen horrors
  A rime drake (D:11)
  An unseen horror zombie (D:10)
  A freezing wraith (D:13)
  A komodo dragon (D:13)
  2 polar bears (D:11)
  A hornet (D:9)
  9 trolls
  2 slime creatures (D:12)
  4 water elementals
  2 wraiths
  2 vampires
  2 shadows
  16 yaks
  A steam dragon (D:6)
  3 vampire mosquitoes
  A warg (Orc:1)
  2 water moccasins (D:8)
  5 ice beasts (D:11)
  6 orc warriors
  A black bear (D:5)
  2 wolves (D:11)
  4 ogres
  3 centaurs
  2 phantoms
  4 kobold brigands
  A bullfrog (D:7)
  5 necrophages
  13 wights
  3 killer bees (D:11)
  7 electric eels
  9 howler monkeys
  A hound (D:6)
  A human zombie (D:10)
  2 jellies
  8 orc priests
  Crazy Yiuf (D:6)
  4 iguanas
  7 orc wizards
  Natasha (thrice) (D:2)
  2 mummies (D:10)
  4 adders
  8 gnolls
  3 shadow imps
  A white imp (D:7)
  A worm (D:2)
  2 dart slugs
  24 orcs
  5 ball pythons
  An endoplasm (D:1)
  A giant cockroach (D:3)
  8 goblins
  7 hobgoblins
  4 jackals (D:4)
  6 quokkas
  5 bats
  3 frilled lizards
  23 kobolds
  5 rats
  A spectral hobgoblin (D:4)
305 creatures vanquished.

Vanquished Creatures (collateral kills)
  A slime creature (D:12)
  2 cyclopes
  A shadow (D:13)
  A warg (Orc:1)
  3 orc warriors (Orc:2)
  2 ogres (Orc:1)
  2 orc priests
  A gnoll bouda (Orc:1)
  4 orc wizards
  A gnoll (Orc:1)
  7 orcs
25 creatures vanquished.

Vanquished Creatures (others)
  An orc knight (D:13)
  7 orc warriors
  6 orc priests
  5 orc wizards
  An ufetubus (D:5)
  28 orcs
  A kobold (D:6)
49 creatures vanquished.

Grand Total: 379 creatures vanquished

Notes
Turn   | Place    | Note
-------+----------+-------------------------------------------
     0 | D:1      | SensoryNuts the Hill Orc Fighter began the quest for the
                  | Orb.
     0 | D:1      | Reached XP level 1. HP: 19/19 MP: 1/1
    57 | D:1      | Reached XP level 2. HP: 27/27 MP: 2/2
    80 | D:1      | Reached skill level 3 in Axes
   342 | D:1      | Reached XP level 3. HP: 33/33 MP: 3/3
   882 | D:2      | Noticed Natasha
   888 | D:2      | Killed Natasha
   889 | D:2      | Reached skill level 4 in Axes
   889 | D:2      | Reached XP level 4. HP: 31/40 MP: 4/4
   893 | D:2      | Noticed Natasha
   897 | D:2      | Killed Natasha
   927 | D:2      | Noticed Natasha
   933 | D:2      | Killed Natasha
   934 | D:2      | Reached skill level 5 in Axes
  1256 | D:3      | Reached XP level 5. HP: 44/47 MP: 5/5
  1349 | D:3      | Found a faded altar of an unknown god.
  1977 | D:3      | Found a sparkling altar of Nemelex Xobeh.
  1977 | D:3      | Found a snail-covered altar of Cheibriados.
  2216 | D:4      | Reached skill level 6 in Axes
  2264 | D:4      | Found an opulent altar of Gozag.
  2265 | D:4      | Found a hide-covered altar of Uskayaw.
  2266 | D:4      | Found a blossoming altar of Fedhas.
  2303 | D:4      | Reached XP level 6. HP: 48/53 MP: 6/6
  2374 | D:4      | Reached skill level 7 in Axes
  2469 | D:4      | Found a runed translucent gate.
  2469 | D:4      | Found a runed translucent gate.
  2469 | D:4      | Found a runed translucent gate.
  2543 | D:4      | Found a glowing silver altar of Zin.
  2654 | D:4      | Found a hazy altar of Hepliaklqana.
  2767 | D:4      | Noticed Darkkill's ghost (amateur MiHu)
  2767 | D:4      | Noticed cforsyth's ghost (amateur HOMo)
  2767 | D:4      | Noticed Joey1's ghost (amateur MiFi)
  2768 | D:4      | Noticed IdlyInterested's ghost (amateur DsWn)
  2768 | D:4      | Noticed flotson's ghost (weakling DsDe)
  2801 | D:5      | Entered Level 5 of the Dungeon
  2805 | D:5      | Noticed a black bear
  2810 | D:5      | Killed a black bear
  2811 | D:5      | Reached skill level 8 in Axes
  2811 | D:5      | Reached XP level 7. HP: 60/60 MP: 7/7
  3085 | D:5      | Found an ancient bone altar of Kikubaaqudgha.
  3103 | D:5      | Found Naixt's Jewellery Emporium.
  3124 | D:5      | Became a worshipper of Beogh the Brigand
  3271 | D:5      | Reached skill level 9 in Axes
  3282 | D:5      | Reached skill level 5 in Fighting
  3661 | D:6      | Noticed a steam dragon
  3841 | D:6      | Killed a steam dragon
  3842 | D:6      | Reached skill level 10 in Axes
  3842 | D:6      | Reached XP level 8. HP: 63/68 MP: 8/8
  3969 | D:6      | Reached * piety under Beogh
  3970 | D:6      | Reached skill level 11 in Axes
  4112 | D:6      | Found a staircase to the Ecumenical Temple.
  4269 | D:6      | Found a runed translucent door.
  4270 | D:6      | Noticed Crazy Yiuf
  4567 | D:6      | Found a glowing golden altar of the Shining One.
  4711 | D:6      | Killed Crazy Yiuf
  4712 | D:6      | Reached skill level 12 in Axes
  4769 | Temple   | Entered the Ecumenical Temple
  4962 | D:7      | Reached skill level 5 in Armour
  5249 | D:7      | Reached XP level 9. HP: 59/75 MP: 9/9
  5929 | D:8      | Reached skill level 13 in Axes
  6014 | D:8      | Found a shimmering blue altar of Sif Muna.
  6844 | D:9      | Reached skill level 14 in Axes
  6937 | D:9      | Identified the +5 spear of True Grit {vorpal, Will++ Str+3
                  | Int-2}
  7103 | D:9      | Reached XP level 10. HP: 49/84 MP: 10/10
  7235 | D:9      | Reached skill level 15 in Axes
  7437 | D:9      | Reached ** piety under Beogh
  7709 | D:9      | Gained mutation: You have sharp toenails. [potion of
                  | mutation]
  7709 | D:9      | Gained mutation: You have a beak for a mouth. [potion of
                  | mutation]
  7748 | D:10     | Entered Level 10 of the Dungeon
  8040 | D:10     | Reached skill level 16 in Axes
  8177 | D:10     | Killed an unseen horror
  8178 | D:10     | Reached skill level 5 in Shields
  8230 | D:10     | Got the Almanac of Enthralling Superposition
  8639 | D:10     | Found a basalt altar of Yredelemnul.
  8663 | D:10     | Reached skill level 17 in Axes
  8663 | D:10     | Reached XP level 11. HP: 91/95 MP: 11/11
  9002 | D:10     | Identified the +4 chain mail "Tosyzam" {rC+ Str-4 Int+3
                  | Dex+5}
  9095 | D:11     | You fall into a shaft and drop 3 floors!
  9156 | D:14     | Identified the +2 hand axe of Royalism {freeze, rF- rC+
                  | Stlth+}
  9223 | D:14     | Noticed a six-headed hydra
  9224 | D:14     | Found a transporter.
  9227 | D:14     | Noticed a deep elf pyromancer
  9240 | D:14     | Noticed a great orb of eyes
  9271 | D:14     | Noticed a brown ugly thing
  9272 | D:14     | Noticed a brown ugly thing
  9273 | D:14     | Noticed a brown ugly thing
  9282 | D:14     | Killed a purple ugly thing
  9286 | D:14     | Killed a purple ugly thing
  9295 | D:14     | Killed a brown ugly thing
  9296 | D:14     | Reached skill level 18 in Axes
  9708 | D:14     | Reached *** piety under Beogh
  9730 | D:13     | Noticed a white ugly thing
 10023 | D:13     | Noticed a deep elf pyromancer
 10033 | D:13     | Killed a deep elf pyromancer
 10253 | D:13     | Killed a white ugly thing
 10638 | D:12     | Found an opulent altar of Gozag.
 10644 | D:12     | Noticed a two-headed ogre
 10654 | D:12     | Killed a two-headed ogre
 10748 | D:12     | Noticed a two-headed ogre
 10762 | D:12     | Killed a two-headed ogre
 10763 | D:12     | Reached skill level 10 in Fighting
 10764 | D:12     | Reached XP level 12. HP: 52/106 MP: 12/12
 11106 | D:12     | Noticed a boulder beetle
 11115 | D:12     | Killed a boulder beetle
 11122 | D:12     | Reached skill level 10 in Armour
 11707 | D:11     | Reached skill level 19 in Axes
 12053 | D:11     | Noticed a tengu warrior
 12054 | D:11     | Noticed a tengu warrior
 12064 | D:11     | Killed a tengu warrior
 12065 | D:11     | Reached skill level 1 in Dodging
 12068 | D:11     | Killed a tengu warrior
 12439 | D:11     | Found Xaeph's Antique Armour Emporium.
 12466 | D:11     | Found a staircase to the Lair.
 12844 | D:12     | Reached skill level 1 in Stealth
 12873 | D:12     | Reached XP level 13. HP: 61/119 MP: 13/13
 12932 | D:12     | Reached **** piety under Beogh
 13511 | D:12     | Found a staircase to the Orcish Mines.
 13533 | D:12     | Found a roughly hewn altar of Beogh.
 13890 | D:13     | Reached skill level 20 in Axes
 14370 | D:13     | Noticed a vault guard
 14370 | D:13     | Noticed a vault guard
 14370 | D:13     | Noticed a vault guard
 14371 | D:13     | Found a gate to the Vaults.
 14371 | D:13     | Noticed a vault guard
 14371 | D:13     | Noticed a vault guard
 14371 | D:13     | Noticed a vault guard
 14372 | D:13     | Noticed a vault guard
 14372 | D:13     | Noticed a vault guard
 14382 | D:13     | Killed a vault guard
 14391 | D:13     | Killed a vault guard
 14401 | D:13     | Killed a vault guard
 14633 | D:13     | Killed a vault guard
 14636 | D:13     | Killed a vault guard
 14641 | D:13     | Killed a vault guard
 14922 | D:13     | Killed a vault guard
 14929 | D:13     | Killed a vault guard
 15127 | Orc:1    | Entered Level 1 of the Orcish Mines
 15364 | Orc:1    | Found a roughly hewn altar of Beogh.
 16201 | Orc:2    | Entered Level 2 of the Orcish Mines
 16201 | Orc:2    | Noticed Saint Roka
 16202 | Orc:2    | Found a staircase to the Elven Halls.
 16206 | Orc:2    | Noticed Snorg
 16211 | Orc:2    | Reached ***** piety under Beogh
 16604 | Orc:2    | Gained Judas as an ally
 16611 | Orc:2    | Your ally Judas died
 16613 | Orc:1    | Killed Snorg
 17667 | Orc:2    | HP: 4/122 [orc sorcerer/+0 dagger (6)]
 19012 | Orc:2    | HP: 1/122 [Saint Roka/divine providence (14)]
 19013 | Orc:2    | Killed from afar by Saint Roka

Illustrated notes

Levels and vault maps discovered:
D:1:      dpeg_arrival_houses_and_road, layout_loops_ring
D:2:      layout_rooms, uniq_natasha
D:3:      layout_loops_corners, nicolae_overflow_two_pavilions,
          nicolae_ecumenical_pavilion
D:4:      layout_cave_pools, nicolae_hepliaklqana_monster_ancestors,
          marbit_many_paths, chequers_temple_overflow_statue_of_worship,
          gammafunk_ghost_cemetery, amcnicky_mini_pool_small, minivault_23
D:5:      layout_cave_pods, mainiacjoe_overflow_cross_hatched, serial_shops,
          nicolae_shop_temple_entry_statues_fountains
D:6:      layout_basic, tso_oasis_becter, minmay_temple_entry_grid,
          uniq_crazy_yiuf_cottage
D:7:      layout_basic, nicolae_water_bricks, nicolae_hexahallways,
          hangedman_decor_opposing, grunt_decor_arrowhead,
          chequers_serial_rivers_small_3
D:8:      layout_basic, mainiacjoe_overflow_concentric_impassable,
          bh_walls_and_bars
D:9:      layout_roguey
D:10:     layout_gridville, lemuel_mausoleum_altar_yredelemnul
D:11:     layout_loops_cross, hellmonk_lair_entry_icy, serial_shops, shop,
          minmay_misc_feat_doors, moated_statue
D:12:     minmay_the_grid_octo_tiled_squarecenter
          [minmay_the_grid_octo_clover_2, minmay_the_grid_octo_checkered,
          minmay_the_grid_octo_thin_diamonds, minmay_the_grid_octo_fat_diamond,
          minmay_the_grid_square_5x5_megaprize_hollow,
          minmay_the_grid_square_5x5_fat_x,
          minmay_the_grid_square_5x5_almost_minimal,
          minmay_the_grid_square_5x5_c, minmay_the_grid_square_5x5_one_wall],
          layout_rooms, minmay_orc_entry_temple_small, grunt_gozag_breadcrumbs
D:13:     layout_basic, erik_vaults_2
D:14:     gammafunk_the_bubble [the_bubble_gammafunk_crates], layout_basic,
          minmay_misc_feat_tower
Temple:   jpeg_temple_clearing
Orc:1:    layout_diamond_mine, minmay_orc_temple_c
Orc:2:    kennysheep_orc_mage_school, layout_caves, uniq_nessos, uniq_snorg,
          uniq_saint_roka

Skill      XL: |  1  2  3  4  5  6  7  8  9 10 11 12 13 |
---------------+----------------------------------------+-----
Axes           | 3 4 5 6 8 10 12 14 17 18 19 20 | 20.6
Fighting       | 4 5 6 8 10 12 13 | 13.6
Armour         | 4 5 6 7 9 10 12 | 12.1
Shields        | 4 5 6 7 |  7.3
Dodging        | 1 |  1.1
Stealth        | 1 2 |  2.4

Action                   |  1- 3 |  4- 6 |  7- 9 | 10-12 | 13-15 || total
-------------------------+-------+-------+-------+-------+-------++-------
Melee: War axe           |    58 |   118 |   247 |   475 |   233 ||  1131
       Kick              |       |       |       |    82 |       ||    82
       Peck              |       |       |       |   115 |    55 ||   170
Invok: Convert to Beogh  |       |       |     1 |       |       ||     1
       Smiting           |       |       |       |       |     1 ||     1
       Recall Orcish Fol |       |       |       |       |     1 ||     1
  Use: Scroll            |     6 |     1 |    15 |     4 |    16 ||    42
       Potion            |       |       |     6 |     7 |    12 ||    25
 Stab: Confused          |       |       |       |     4 |       ||     4
       Distracted        |       |       |       |     1 |     2 ||     3
       Invisible         |       |       |       |       |     2 ||     2
Armor: Scale mail        |     1 |       |       |       |       ||     1
       Plate armour      |    38 |    62 |   127 |   269 |   105 ||   601
Dodge: Dodged            |    12 |    20 |    47 |   106 |    52 ||   237
Block: Buckler           |    16 |    15 |    45 |    76 |    48 ||   200

Table legend: (Time is in decaauts)
 A = Elapsed time spent in this place.
 B = Non-inter-level travel time spent in this place.
 C = Inter-level travel time spent in this place.
 D = Time resting spent in this place.
 E = Time spent auto-exploring this place.
 F = Levels seen in this place.
 G = Mean time per level.
                   A        B        C        D        E       F      G
               +--------+--------+--------+--------+--------+-----+--------+
         Total |  18853 |  18251 |    602 |   3033 |  12888 |  17 | 1109.0 |
       Dungeon |  14882 |  14326 |    556 |   1054 |  11221 |  14 | 1063.0 |
        Temple |    134 |    118 |     16 |      0 |    105 |   1 |  134.0 |
  Orcish Mines |   3835 |   3805 |     30 |   1978 |   1562 |   2 | 1917.5 |
               +--------+--------+--------+--------+--------+-----+--------+

Top non-repeatable levels by time:
   Orc:1: 3609 daAuts
    D:13: 2180 daAuts
    D:12: 2055 daAuts
     D:9: 1142 daAuts
    D:10: 1122 daAuts
    D:11: 1089 daAuts
     D:5: 1019 daAuts
     D:6: 993 daAuts
     D:3: 945 daAuts
     D:7: 904 daAuts
     D:8: 899 daAuts
     D:1: 801 daAuts
     D:4: 653 daAuts
    D:14: 606 daAuts
     D:2: 470 daAuts
